 Dungeon Crawl Stone Soup version 0.18-a0-1713-g50a528e (webtiles) character file.

84 Inkary the Sneak (level 4, -1/27 HPs)
             Began as a Kobold Assassin on Apr 7, 2016.
             Killed from afar by an orc wizard (7 damage)
             ... with a puff of flame
             ... on level 3 of the Dungeon.
             The game lasted 00:14:01 (1737 turns).

Inkary the Sneak (Kobold Assassin)                  Turns: 1737, Time: 00:14:02

Health: -1/27      AC:  4    Str:  9    XL:     4   Next: 72%
Magic:  4/4        EV: 18    Int:  9    God:
Gold:   82         SH:  0    Dex: 18    Spells: 0 memorised, 3 levels left

rFire  . . .     SeeInvis .     m - +0 dagger (vamp)
rCold  . . .     Gourm    .     c - +0 robe
rNeg   . . .     Faith    .     (shield restricted)
rPois  +         Spirit   .     (no helmet)
rElec  .         Dismiss  .     p - +1 cloak
rCorr  .         Reflect  .     (no gloves)
SustAt .         Harm     .     (no boots)
MR     .....                    l - amulet of regeneration
Stlth  ++++......               o - ring of poison resistance
                                j - +2 ring of evasion

@: not resistant to hostile enchantments, stealthy
A: carnivore 3
a: no special abilities


You were on level 3 of the Dungeon.
You were completely stuffed.

You visited 1 branch of the dungeon, and saw 3 of its levels.

You collected 82 gold pieces.

Inventory:

Hand Weapons
 a - a +2 dagger
 b - a +0 blowgun
 m - a +0 vampiric dagger (weapon)
Missiles
 e - 7 poisoned needles (quivered)
 f - 2 curare-tipped needles
Armour
 c - a +0 robe (worn)
 p - a +1 cloak (worn)
Jewellery
 j - a +2 ring of evasion (left hand)
 l - an amulet of regeneration (around neck)
 o - a ring of poison resistance (right hand)
 s - an uncursed amulet of guardian spirit {unknown}
Wands
 d - a wand of hasting (2/9)
Scrolls
 h - a scroll of fear {unknown}
 k - 3 scrolls of remove curse {unknown}
 q - 3 scrolls of identify {unknown}
Potions
 i - a potion of agility {unknown}
 n - a potion of beneficial mutation {unknown}
 t - 2 potions of curing {unknown}
Comestibles
 g - 2 meat rations
 r - 3 chunks of flesh


   Skills:
 * Level 2.8 Fighting
 + Level 3.3 Short Blades
 - Level 2.1 Throwing
 + Level 2.7 Dodging
 + Level 6.6 Stealth


You had 3 spell levels left.
You didn't know any spells.

Dungeon Overview and Level Annotations

Branches:
Dungeon (3/15)

Altars:


Innate Abilities, Weirdness & Mutations

You are small and have problems with some larger weapons.
You are carnivorous and can eat meat at any time.


Message History

The orc wizard hits you but does no damage.
You hit the orc wizard but do no damage.
The orc wizard is moderately wounded.
The orc wizard barely misses you.
You miss the orc wizard.
The orc wizard is moderately wounded.
The orc wizard gestures wildly while chanting.
The orc wizard blinks!
The orc wizard casts a spell at you. The magic dart hits you!
* * * LOW HITPOINT WARNING * * *
The orc wizard hits you but does no damage.
The orc wizard points at you and mumbles some strange words.
The magic dart hits you!
* * * LOW HITPOINT WARNING * * *
You hit the orc wizard.
You feel better.
The orc wizard is moderately wounded.
The orc wizard casts a spell at you. The puff of flame hits you!
You die...

#..#......
..o......
......[.# .#
..>.....# #.#
..ยง....s# #.#
......wS# #.#
......og####.#
....####o....#
.... #@....# ...
#.....# ##
#####.# #.# #.#
######.# #......#
#.###############
####...#
#.......#


You could see a worm, 2 orc wizards, a giant cockroach, a hobgoblin and a ball
python.

Vanquished Creatures
  Ijyb (D:2)
  An ooze (D:2)
  2 dart slugs (D:1)
  An orc (D:3)
  5 giant cockroaches
  11 goblins
  2 hobgoblins
  7 jackals (D:1)
  A quokka (D:2)
  4 bats
  2 giant newts (D:1)
  3 kobolds
  3 rats
43 creatures vanquished.

Notes
Turn   | Place    | Note
--------------------------------------------------------------
     0 | D:1      | Inkary the Kobold Assassin began the quest for the Orb.
     0 | D:1      | Reached XP level 1. HP: 12/12 MP: 1/1
   105 | D:1      | Reached XP level 2. HP: 18/18 MP: 2/2
   195 | D:1      | Reached XP level 3. HP: 12/22 MP: 3/3
  1181 | D:2      | Reached skill level 6 in Stealth
  1345 | D:2      | Noticed Ijyb
  1395 | D:2      | Killed Ijyb
  1395 | D:2      | Reached XP level 4. HP: 23/27 MP: 4/4
  1737 | D:3      | Killed from afar by an orc wizard

Vault maps used:
D:1:      matt_arrival_los_fun
D:2:      kennysheep_the_goblin_king, kennysheep_generic_room_11
D:3:      first_bread, uniq_terence

Skill      XL: |  1  2  3 |
---------------+----------+-----
Dodging        | 2 |  2.7
Short Blades   | 3 |  3.3
Stealth        | 6 |  6.6
Fighting       | |  2.8
Throwing       | |  2.1

Action                   |  1- 3 |  4- 6 || total
-------------------------+-------+-------++-------
Melee: Dagger            |   173 |    71 ||   244
 Stab: Sleeping          |     4 |     1 ||     5
  Eat: Chunk             |    13 |     3 ||    16
